cohdb
Replays
Latest Replays
All Replays
Popular Replays
Top Player Replays
Match Explorer
How It Works
Community
CoH3 Stats
Reddit
Sign in to upload your games and track your stats! →
Sign in with Steam
Match 46668915
Unlisted
Match 46668915
Overview
Messages
Build Orders
End
Selects Special Operations Battlegroup
Engineer Squad
Construct Barracks
Riflemen Squad
Construct Weapon Support Center
M1919 Machine Gun Team
Riflemen Squad
Selects M29 Weasel with M1 Pack Howitzer
Infantry Support Center
Mr_NoteAr
User1diego
grantsitton20
coh
Endless Pera
Mustardpeas
Bonhoeffer
MG42
0
0
Comments
sign in to comment!
No comments posted yet!